 Dungeon Crawl Stone Soup version 0.22-a0-99-g1ac4c55 (webtiles) character file.

198 tilp the Conjurer (level 5, -1/38 HPs)
             Began as a Draconian Conjurer on Jan 25, 2018.
             Killed from afar by an orc wizard (12 damage)
             ... with a puff of flame
             ... on level 3 of the Dungeon.
             The game lasted 00:09:01 (3271 turns).

tilp the Conjurer (Draconian Conjurer)              Turns: 3271, Time: 00:09:02

Health: -1/38      AC:  5    Str: 11    XL:     5   Next: 47%
Magic:  1/8        EV: 12    Int: 16    God:
Gold:   145        SH:  0    Dex: 11    Spells: 5/8 levels left

rFire    . . .     SeeInvis .   i - +0 dagger
rCold    . . .     Gourm    .   (no shield)
rNeg     . . .     Faith    .   (armour unavailable)
rPois    .         Spirit   .   (helmet restricted)
rElec    .         Reflect  .   (no cloak)
rCorr    .         Harm     .   (no gloves)
MR       .....                  (no boots)
Stlth    ++........             (no amulet)
HPRegen  0.12/turn              (no ring)
MPRegen  0.11/turn              (no ring)

@: no status effects
A: unfitting armour, cold-blooded, AC +5
a: no special abilities


You were on level 3 of the Dungeon.
You were not hungry.

You visited 1 branch of the dungeon, and saw 3 of its levels.

You collected 145 gold pieces.

Inventory:

Hand Weapons
 h - a +0 great sword
 i - a +0 dagger (weapon)
Missiles
 f - 2 tomahawks
 k - 6 javelins (quivered)
Jewellery
 s - an uncursed ring of protection from magic {unknown}
Scrolls
 d - a scroll of amnesia {unknown}
 e - 3 scrolls of identify {unknown}
 j - 2 scrolls of teleportation {unknown}
 m - 2 scrolls of enchant armour {unknown}
 n - a scroll of fog {unknown}
 o - a scroll of remove curse {unknown}
 r - a scroll of immolation {unknown}
Potions
 g - 2 potions of might {unknown}
 l - 3 potions of curing {unknown}
 p - a potion of heal wounds {unknown}
 q - a potion of berserk rage {unknown}
Books
 a - a book of Conjurations

   Spells                             Type                      Level
   a - Magic Dart                     Conjuration                  1
   b - Searing Ray                    Conjuration                  2
   c - Dazzling Spray                 Conjuration/Hexes            3
   d - Fulminant Prism                Conjuration/Hexes            4
   e - Force Lance                    Conjuration/Translocation    4
   f - Iskenderun's Mystic Blast      Conjuration                  4
Comestibles
 b - 3 rations
 c - 5 chunks of flesh


   Skills:
 - Level 1.7 Dodging
 - Level 1.7 Stealth
 - Level 2.0 Spellcasting
 + Level 6.8 Conjurations


You had 5 spell levels left.
You knew the following spells:

 Your Spells              Type           Power        Failure   Level  Hunger
a - Magic Dart            Conj           ###.         1%          1    #......
b - Searing Ray           Conj           ###...       1%          2    ###....


Dungeon Overview and Level Annotations

Branches:
Dungeon (3/15)

Altars:

Annotations:
D:3 exclusion: centaur


Innate Abilities, Weirdness & Mutations

Your plain brown scales are hard. (AC +5)
You cannot fit into any form of body armour.
You are cold-blooded and may be slowed by cold attacks.


Message History

Something hits you.
* * * LOW HITPOINT WARNING * * *
Casting: Magic Dart
Confirm with . or Enter, or press ? or * to list all spells.
You can't see any susceptible monsters within range! (Use Z to cast anyway.) Unknown command.
Casting: Magic Dart
Confirm with . or Enter, or press ? or * to list all spells.
You can't see any susceptible monsters within range! (Use Z to cast anyway.) Unknown command.
Casting: Magic Dart
Confirm with . or Enter, or press ? or * to list all spells.
Aiming: Magic Dart
Press: ? - help, Shift-Dir - straight line, f - orc
Aim: an orc, wearing a dyed leather armour The magic dart hits something.
Something hits you but does no damage.
You hear some strange, mumbled words.
A puff of flame appears from out of thin air!
The puff of flame hits you!
You die...

.........................>#......
#.#.......................'......
#.######....############..#......
#.#....+....'.......))....#......
..#[####....#############.#......
........................#.#......
#.#'####....#######.....#.#......
#...........# #####.)...#.###...#
#.รท.........# #.@.'.......#
#...# #...........# #.###o..[...#
#...# #...........# #.# #.......#
#...# #.......##### #.# #.o.....#
##### #.#+##### #.# #.......# #.#
#.# ####'#..####### ..# ..#
#........... ######
#########.......... ##...##
##...## ##...##..........


You could see an orc.

Vanquished Creatures
  An orc wizard (D:3)
  6 adders
  An ooze (D:3)
  A worm (D:2)
  A dart slug (D:1)
  4 leopard geckos
  16 orcs (D:3)
  2 giant cockroaches
  8 goblins
  8 hobgoblins
  8 kobolds
  A quokka (D:3)
  3 ball pythons
  10 bats
  5 frilled lizards
  10 rats
85 creatures vanquished.

Notes
Turn   | Place    | Note
-------+----------+-------------------------------------------
     0 | D:1      | tilp the Draconian Conjurer began the quest for the Orb.
     0 | D:1      | Reached XP level 1. HP: 14/14 MP: 3/3
   294 | D:1      | Reached XP level 2. HP: 19/20 MP: 0/5
   298 | D:1      | Learned a level 2 spell: Searing Ray
  1005 | D:1      | Reached skill level 5 in Conjurations
  1113 | D:2      | Reached XP level 3. HP: 26/26 MP: 3/6
  1661 | D:2      | Reached XP level 4. HP: 20/33 MP: 0/7
  2420 | D:3      | Reached skill level 6 in Conjurations
  2448 | D:3      | Noticed a centaur
  2907 | D:3      | Reached XP level 5. HP: 14/38 MP: 1/8
  3271 | D:3      | Killed from afar by an orc wizard

Vault maps used:
D:1:      dpeg_arrival_arbitrary_a
D:3:      kennysheep_six_static_rooms

Skill      XL: |  1  2  3  4 |
---------------+-------------+-----
Conjurations   | 5 6 |  6.8
Dodging        | |  1.7
Stealth        | |  1.7
Spellcasting   | |  2.0

Action                   |  1- 3 |  4- 6 || total
-------------------------+-------+-------++-------
Melee: Short sword       |    19 |       ||    19
       Dagger            |    13 |    37 ||    50
       Tailslap          |     4 |     3 ||     7
Throw: Stone             |     2 |       ||     2
       Javelin           |     1 |     8 ||     9
 Cast: Magic Dart        |    51 |    21 ||    72
       Searing Ray       |     5 |    15 ||    20
 Stab: Sleeping          |     4 |     1 ||     5
  Eat: Chunk             |     3 |     7 ||    10
Armor: Skin              |    14 |    15 ||    29
Dodge: Dodged            |    27 |    40 ||    67

Table legend:
 A = Spawn XP
 B = Non-spawn XP
 C = Spawn XP percentage of total XP
 D = Spawn monster count
 E = Non-spawn monster count
 F = Spawn count percentage of total count
 G = Total turns spent on level
                    A         B        C        D         E        F      G
               +---------+---------+-------+---------+---------+-------+---------
         Total |       0 |     283 |   0.0 |       0 |      85 |   0.0 |  3271
               +---------+---------+-------+---------+---------+-------+---------
           D:1 |       0 |      39 |   0.0 |       0 |      25 |   0.0 |  1098
           D:2 |       0 |      90 |   0.0 |       0 |      25 |   0.0 |  1170
           D:3 |       0 |     154 |   0.0 |       0 |      35 |   0.0 |  1003
               +---------+---------+-------+---------+---------+-------+---------
